cohdb
Replays
Latest Replays
All Replays
Popular Replays
Top Player Replays
Match Explorer
How It Works
Community
CoH3 Stats
Reddit
Sign in to upload your games and track your stats! →
Sign in with Steam
Match 44216199
Unlisted
Match 44216199
Overview
Messages
Build Orders
End
Vickers Machine Gun Team
Construct Section Command Post
Selects Air and Sea Battlegroup
Dingo Light Scout Car
Infantry Section
Infantry Section
Construct Platoon Command Post
Selects Supply Surplus
Construct Field Infirmary
Construct Field Infirmary
Unlock M3 Stuart Light Tanks
Forward Retreat Point
M3 Stuart Light Tank
Selects Commando Section Paradrop
Selects M1 Pack Howitzer Paradrop
M3 Stuart Light Tank
Construct Resource Cache
北冥帝君
icecube
191754466
Nato Jacobs
Valar[M]orgHulis
BOSSTTRUPPEN
Mr.Wu
Johnson
0
0
Comments
sign in to comment!
No comments posted yet!